TOP OF THE 1ST |
---|
Kenosha Kingfish batting - Pitching for Beaverton Bronze Souls : RHP Jesús Gonzáles | Pitching: RHP Jesús Gonzáles | | Batting: LHB Justin McCoy | 0-0: Called Strike 0-1: Foul Ball, location: 2F 0-2: Foul Ball, location: 2F 0-2: Strikes out swinging | Batting: LHB Pat Williams | 0-0: Ball 1-0: Ground out 4-3 (Groundball, 4) | Batting: RHB Marcus Pittman | 0-0: Called Strike 0-1: Called Strike 0-2: Foul Ball, location: 2F 0-2: Ball 1-2: Strikes out swinging | Top of the 1st over - 0 runs, 0 hits, 0 errors, 0 left on base; Kenosha 0 - Beaverton 0 | BOTTOM OF THE 1ST |
---|
Beaverton Bronze Souls batting - Pitching for Kenosha Kingfish : RHP Alberto Sánchez | Pitching: RHP Alberto Sánchez | | Batting: RHB Cameron Irwin | 0-0: Called Strike 0-1: Ball 1-1: Foul Ball, location: 2F 1-2: Foul Ball, location: 2F 1-2: Strikes out swinging | Batting: RHB Nathan Smith | 0-0: Foul Ball, location: 2F 0-1: Fly out, F8 (Line Drive, 8RM) | Batting: RHB Chris Hall | 0-0: Ball 1-0: Foul Ball, location: 2F 1-1: Ball 2-1: SINGLE (Flyball, 89S) | Batting: LHB Balduíno Bruschy | 0-0: Ball 1-0: Ball 2-0: Ground out 4-3 (Groundball, 4D) | Bottom of the 1st over - 0 runs, 1 hit, 0 errors, 1 left on base; Kenosha 0 - Beaverton 0 | TOP OF THE 2ND |
---|
Kenosha Kingfish batting - Pitching for Beaverton Bronze Souls : RHP Jesús Gonzáles | Batting: RHB Rubén Hernández | 0-0: Called Strike 0-1: Ball 1-1: Called Strike 1-2: Foul Ball, location: 2F 1-2: Fly out, F8 (Flyball, 8RM) | Batting: LHB Juan Rodríguez | 0-0: Ball 1-0: Called Strike 1-1: Swinging Strike 1-2: Strikes out swinging | Batting: RHB Armando Arellano | 0-0: Ball 1-0: Ball 2-0: SINGLE (Groundball, 56D) | Batting: RHB Juan Escalante | 0-0: Ball 1-0: Called Strike 1-1: Ball 2-1: Ball 3-1: SINGLE (Groundball, 34D) Armando Arellano to second Runner from 2nd tries for 3rd, SAFE, no throw | Batting: RHB Ron Campbell | 0-0: Ball 1-0: Swinging Strike 1-1: Foul Ball, location: 2F 1-2: SINGLE (Groundball, 6) (infield hit) Armando Arellano scores Juan Escalante to second | Batting: RHB Warren Strathbogie | 0-0: Ball 1-0: Ball 2-0: Called Strike 2-1: Foul Ball, location: 2F 2-2: Ball 3-2: Fly out, F4 (Flyball, 4D) | Top of the 2nd over - 1 run, 3 hits, 0 errors, 2 left on base; Kenosha 1 - Beaverton 0 | BOTTOM OF THE 2ND |
---|
Beaverton Bronze Souls batting - Pitching for Kenosha Kingfish : RHP Alberto Sánchez | Batting: RHB Marshall Gross | 0-0: Ball 1-0: Ball 2-0: Swinging Strike 2-1: DOUBLE (Line Drive, 7LS) | Batting: LHB Manuel Félix | 0-0: Ball 1-0: Ball 2-0: Ball 3-0: Base on Balls | Batting: RHB Rubén Ramírez | 0-0: Called Strike 0-1: Swinging Strike 0-2: Ball 1-2: Foul Ball, location: 2F 1-2: Fly out, F7 (Flyball, 7S) | Batting: LHB Gabriel Aguilera | 0-0: Ball 1-0: Ball 2-0: Grounds into double play, 6-4-3 (Groundball, 6) | Bottom of the 2nd over - 0 runs, 1 hit, 0 errors, 1 left on base; Kenosha 1 - Beaverton 0 | TOP OF THE 3RD |
---|
Kenosha Kingfish batting - Pitching for Beaverton Bronze Souls : RHP Jesús Gonzáles | Batting: LHB Justin McCoy | 0-0: Swinging Strike 0-1: Called Strike 0-2: Ball 1-2: Ball 2-2: Ball 3-2: Ground out 4-3 (Groundball, 4) | Batting: LHB Pat Williams | 0-0: Ball 1-0: Ball 2-0: Called Strike 2-1: Foul Ball, location: 2F 2-2: Strikes out looking | Batting: RHB Marcus Pittman | 0-0: Ball 1-0: DOUBLE (Line Drive, 9D) | Batting: RHB Rubén Hernández | 0-0: Foul Ball, location: 2F 0-1: Fly out, F6 (Line Drive, 6) | Top of the 3rd over - 0 runs, 1 hit, 0 errors, 1 left on base; Kenosha 1 - Beaverton 0 | BOTTOM OF THE 3RD |
---|
Beaverton Bronze Souls batting - Pitching for Kenosha Kingfish : RHP Alberto Sánchez | Batting: RHB Ed Nygaard | 0-0: Swinging Strike 0-1: Ball 1-1: Foul Ball, location: 2F 1-2: Foul Ball, location: 2F 1-2: Strikes out looking | Batting: RHB Cameron Irwin | 0-0: Ball 1-0: Called Strike 1-1: Fly out, F5 (Popup, 5S) | Batting: RHB Nathan Smith | 0-0: Ball 1-0: Swinging Strike 1-1: DOUBLE (Line Drive, 89D) | Batting: RHB Chris Hall | 0-0: Ball 1-0: Foul Ball, location: 2F 1-1: Swinging Strike 1-2: Ground out 1-3 (Groundball, P) | Bottom of the 3rd over - 0 runs, 1 hit, 0 errors, 1 left on base; Kenosha 1 - Beaverton 0 | TOP OF THE 4TH |
---|
Kenosha Kingfish batting - Pitching for Beaverton Bronze Souls : RHP Jesús Gonzáles | Batting: LHB Juan Rodríguez | 0-0: Ball 1-0: Ball 2-0: SINGLE (Line Drive, 4MD) | Batting: RHB Armando Arellano | 0-0: Swinging Strike 0-1: Swinging Strike 0-2: Ball Wild Pitch! Juan Rodríguez to second 1-2: SINGLE (Flyball, 89M) Juan Rodríguez to third | Batting: RHB Juan Escalante | 0-0: Ball 1-0: Called Strike 1-1: Ball 2-1: Foul Ball, location: 2F 2-2: Ball 3-2: Foul Ball, location: 2F 3-2: Foul Ball, location: 2F 3-2: SINGLE (Groundball, 6MD) Juan Rodríguez scores Armando Arellano to second Runner from 2nd tries for 3rd, SAFE, no throw | Batting: RHB Ron Campbell | 0-0: Called Strike 0-1: Swinging Strike 0-2: Foul Ball, location: 2F 0-2: Foul Ball, location: 2F 0-2: Reached on error, E5 (Groundball, 56) Armando Arellano scores Juan Escalante to second | Batting: RHB Warren Strathbogie | 0-0: Swinging Strike 0-1: Called Strike 0-2: Ball 1-2: Reached on error, E6 (Groundball, 6) Juan Escalante to third Ron Campbell to second | Batting: LHB Justin McCoy | 0-0: Foul Ball, location: 2F 0-1: Called Strike 0-2: Foul Ball, location: 2F 0-2: Strikes out swinging | Batting: LHB Pat Williams | 0-0: Called Strike 0-1: Ball 1-1: Foul Ball, location: 2F 1-2: Foul Ball, location: 2F 1-2: Ball 2-2: Strikes out looking | Batting: RHB Marcus Pittman | 0-0: Ball 1-0: Called Strike 1-1: Ball 2-1: Swinging Strike 2-2: Foul Ball, location: 2F 2-2: Foul Ball, location: 2F 2-2: Ball 3-2: Strikes out swinging | Top of the 4th over - 2 runs, 3 hits, 2 errors, 3 left on base; Kenosha 3 - Beaverton 0 | BOTTOM OF THE 4TH |
---|
Beaverton Bronze Souls batting - Pitching for Kenosha Kingfish : RHP Alberto Sánchez | Batting: LHB Balduíno Bruschy | 0-0: Called Strike 0-1: Foul Ball, location: 2F 0-2: Strikes out swinging | Batting: RHB Marshall Gross | 0-0: Foul Ball, location: 2F 0-1: Ball 1-1: Ball 2-1: Foul Ball, location: 2F 2-2: Fly out, F4 (Popup, 4) | Batting: LHB Manuel Félix | 0-0: Foul Ball, location: 2F 0-1: Ball 1-1: Fly out, F9 (Line Drive, 89D) | Bottom of the 4th over - 0 runs, 0 hits, 0 errors, 0 left on base; Kenosha 3 - Beaverton 0 | TOP OF THE 5TH |
---|
Kenosha Kingfish batting - Pitching for Beaverton Bronze Souls : RHP Jesús Gonzáles | Pitching: RHP Esteve Gabirra | | Batting: RHB Rubén Hernández | 0-0: Called Strike 0-1: Foul Ball, location: 2F 0-2: Ball 1-2: Ball 2-2: Ball 3-2: Strikes out swinging | Batting: LHB Juan Rodríguez | 0-0: Ball 1-0: Ball 2-0: SINGLE (Flyball, 8RS) | Batting: RHB Armando Arellano | 0-0: Ball 1-0: Called Strike 1-1: Ball 2-1: Swinging Strike 2-2: Foul Ball, location: 2F 2-2: Ball 3-2: Strikes out looking | Batting: RHB Juan Escalante | 0-0: Ball 1-0: Swinging Strike 1-1: Foul Ball, location: 2F 1-2: Strikes out swinging | Top of the 5th over - 0 runs, 1 hit, 0 errors, 1 left on base; Kenosha 3 - Beaverton 0 | BOTTOM OF THE 5TH |
---|
Beaverton Bronze Souls batting - Pitching for Kenosha Kingfish : RHP Alberto Sánchez | Batting: RHB Rubén Ramírez | 0-0: Called Strike 0-1: Ball 1-1: Foul Ball, location: 2F 1-2: Fly out, F7 (Line Drive, 7D) | Batting: LHB Gabriel Aguilera | 0-0: Ball 1-0: Ball 2-0: Called Strike 2-1: Foul Ball, location: 2F 2-2: Ball 3-2: Base on Balls | Batting: RHB Ed Nygaard | 0-0: Foul Ball, location: 2F 0-1: Ball 1-1: Ball 2-1: Foul Ball, location: 2F 2-2: Ground out 6-3 (Groundball, 6) Gabriel Aguilera to second | Batting: RHB Cameron Irwin | 0-0: Called Strike 0-1: Ball 1-1: Foul Ball, location: 2F 1-2: SINGLE (Groundball, 6D) Gabriel Aguilera to third Runner from 3rd tries for Home, SAFE, no throw | Batting: RHB Nathan Smith | 0-0: Ball 1-0: Called Strike 1-1: Ball 2-1: Called Strike 2-2: Strikes out swinging | Bottom of the 5th over - 1 run, 1 hit, 0 errors, 1 left on base; Kenosha 3 - Beaverton 1 | TOP OF THE 6TH |
---|
Kenosha Kingfish batting - Pitching for Beaverton Bronze Souls : RHP Esteve Gabirra | Batting: RHB Ron Campbell | 0-0: Ball 1-0: Swinging Strike 1-1: Called Strike 1-2: Strikes out looking | Batting: RHB Warren Strathbogie | 0-0: Swinging Strike 0-1: Ball 1-1: Swinging Strike 1-2: Foul Ball, location: 2F 1-2: Ball 2-2: Ball 3-2: Strikes out swinging | Batting: LHB Justin McCoy | 0-0: Foul Ball, location: 2F 0-1: Ball 1-1: SINGLE (Groundball, 6D) | Batting: LHB Pat Williams | 0-0: Swinging Strike 0-1: Called Strike 0-2: Strikes out looking | Top of the 6th over - 0 runs, 1 hit, 0 errors, 1 left on base; Kenosha 3 - Beaverton 1 | BOTTOM OF THE 6TH |
---|
Beaverton Bronze Souls batting - Pitching for Kenosha Kingfish : RHP Alberto Sánchez | Batting: RHB Chris Hall | 0-0: Called Strike 0-1: Fly out, F7 (Flyball, 78D) | Batting: LHB Balduíno Bruschy | 0-0: Ball 1-0: Ball 2-0: Foul Ball, location: 2F 2-1: Ground out 3-1 (Groundball, 34) | Batting: RHB Marshall Gross | 0-0: Ball 1-0: Swinging Strike 1-1: Swinging Strike 1-2: Foul Ball, location: 2F 1-2: Foul Ball, location: 2F 1-2: Strikes out looking | Bottom of the 6th over - 0 runs, 0 hits, 0 errors, 0 left on base; Kenosha 3 - Beaverton 1 | TOP OF THE 7TH |
---|
Kenosha Kingfish batting - Pitching for Beaverton Bronze Souls : RHP Esteve Gabirra | Batting: RHB Marcus Pittman | 0-0: Ball 1-0: Ball 2-0: Ball 3-0: Base on Balls | Batting: RHB Rubén Hernández | 0-0: Fielders Choice at 2nd, 4-6 (Groundball, 4D) | Pitching: LHP Lorenzo Guzmán | | Batting: LHB Juan Rodríguez | 0-0: Foul Ball, location: 2F 0-1: Ball 1-1: Ball 2-1: DOUBLE (Flyball, 78D) Rubén Hernández to third Runner from 3rd tries for Home, SAFE, no throw | Batting: RHB Armando Arellano | 0-0: Intentional Walk | Pitching: LHP Reynaldo Vázquez | | Batting: RHB Juan Escalante | 0-0: Called Strike 0-1: Swinging Strike 0-2: Ball 1-2: Foul Ball, location: 2F 1-2: Strikes out swinging | Batting: RHB Ron Campbell | 0-0: Foul Ball, location: 2F 0-1: Ball 1-1: Foul Ball, location: 2F 1-2: SINGLE (Groundball, 34D) Juan Rodríguez to third Armando Arellano to second Runner from 3rd tries for Home, SAFE, throw made home | Batting: RHB Warren Strathbogie | Balk! Armando Arellano to third Ron Campbell to second 0-0: Ball Wild Pitch! Armando Arellano scores Ron Campbell to third 1-0: Swinging Strike 1-1: Swinging Strike 1-2: Foul Ball, location: 2F 1-2: Strikes out swinging | Top of the 7th over - 3 runs, 2 hits, 0 errors, 1 left on base; Kenosha 6 - Beaverton 1 | BOTTOM OF THE 7TH |
---|
Beaverton Bronze Souls batting - Pitching for Kenosha Kingfish : RHP Alberto Sánchez | Pitching: RHP Ramón Árias | | Batting: LHB Manuel Félix | 0-0: Foul Ball, location: 2F 0-1: Ball 1-1: SINGLE (Line Drive, 6MD) | Batting: RHB Rubén Ramírez | 0-0: Ball 1-0: Called Strike 1-1: Foul Ball, location: 2F 1-2: Ball 2-2: Reached on error, E6 (Groundball, 6) Manuel Félix to second | Batting: LHB Gabriel Aguilera | 0-0: Ball 1-0: SINGLE (Line Drive, 7S) Manuel Félix to third Rubén Ramírez to second | Batting: RHB Ed Nygaard | 0-0: Foul Ball, location: 2F 0-1: Ball 1-1: Reached on error, E5 (Groundball, 56) Manuel Félix scores Rubén Ramírez to third Gabriel Aguilera to second | Batting: RHB Cameron Irwin | 0-0: Called Strike 0-1: Ball 1-1: Foul Ball, location: 2F 1-2: Ball 2-2: Ball 3-2: Strikes out swinging | Batting: RHB Nathan Smith | 0-0: Ball 1-0: Ball 2-0: Called Strike 2-1: Called Strike 2-2: Ball 3-2: SINGLE (Groundball, 4MD) Rubén Ramírez scores Gabriel Aguilera to third Ed Nygaard to second Runner from 3rd tries for Home, SAFE, no throw | Pitching: RHP Rafael Marín | | Batting: RHB Chris Hall | 0-0: Ball 1-0: Foul Ball, location: 2F 1-1: SINGLE (Flyball, 8LS) Ed Nygaard to third Nathan Smith to second Runner from 3rd tries for Home, throw and OUT! | Pitching: LHP Ray McKnight | | Pinch Hitting: RHB Vernon Harris | 0-0: Ball 1-0: Swinging Strike 1-1: Foul Ball, location: 2F 1-2: Strikes out looking | Bottom of the 7th over - 3 runs, 4 hits, 2 errors, 2 left on base; Kenosha 6 - Beaverton 4 | TOP OF THE 8TH |
---|
Kenosha Kingfish batting - Pitching for Beaverton Bronze Souls : LHP Reynaldo Vázquez | Now in LF: Vernon Harris | | Batting: LHB Justin McCoy | 0-0: Ball 1-0: Called Strike 1-1: Ball 2-1: SINGLE (Groundball, 25) (infield hit) | Batting: LHB Pat Williams | 0-0: Ball 1-0: Sac Bunt - play at first, batter OUT! U3 Justin McCoy to second | Batting: RHB Marcus Pittman | 0-0: Ball 1-0: Called Strike 1-1: Foul Ball, location: 2F 1-2: Ball 2-2: Strikes out swinging | Batting: RHB Rubén Hernández | 0-0: Called Strike 0-1: Ground out 6-3 (Groundball, 6) | Top of the 8th over - 0 runs, 1 hit, 0 errors, 1 left on base; Kenosha 6 - Beaverton 4 | BOTTOM OF THE 8TH |
---|
Beaverton Bronze Souls batting - Pitching for Kenosha Kingfish : LHP Ray McKnight | Pitching: RHP Pablo Suárez | | Batting: RHB Marshall Gross | 0-0: Called Strike 0-1: Ball 1-1: Ball 2-1: Ground out 6-3 (Groundball, 6) | Batting: LHB Manuel Félix | 0-0: Foul Ball, location: 2F 0-1: Foul Ball, location: 2F 0-2: Ball 1-2: Ground out 3-1 (Groundball, 34) | Batting: RHB Rubén Ramírez | 0-0: Called Strike 0-1: Fly out, F5 (Line Drive, 5L) | Bottom of the 8th over - 0 runs, 0 hits, 0 errors, 0 left on base; Kenosha 6 - Beaverton 4 | TOP OF THE 9TH |
---|
Kenosha Kingfish batting - Pitching for Beaverton Bronze Souls : LHP Reynaldo Vázquez | Batting: LHB Juan Rodríguez | 0-0: SINGLE (Groundball, 4MD) | Batting: RHB Armando Arellano | 0-0: Called Strike 0-1: SINGLE (Flyball, 89M) Juan Rodríguez to second Runner from 2nd tries for 3rd, SAFE, no throw | Batting: RHB Juan Escalante | 0-0: Ball 1-0: Foul Ball, location: 2F 1-1: Fly out, F7 (Flyball, 78D) Runner from 3rd tags up, SCORES, throw made | Batting: RHB Ron Campbell | 0-0: Ball Armando Arellano is caught stealing 2nd base 1-0: Ball 2-0: Called Strike 2-1: Called Strike 2-2: Strikes out swinging | Top of the 9th over - 1 run, 2 hits, 0 errors, 0 left on base; Kenosha 7 - Beaverton 4 | BOTTOM OF THE 9TH |
---|
Beaverton Bronze Souls batting - Pitching for Kenosha Kingfish : RHP Pablo Suárez | Batting: LHB Gabriel Aguilera | 0-0: Called Strike 0-1: Called Strike 0-2: Ball 1-2: Strikes out looking | Batting: RHB Ed Nygaard | 0-0: Fly out, F7 (Flyball, 78M) | Batting: RHB Cameron Irwin | 0-0: Ball 1-0: Foul Ball, location: 2F 1-1: Foul Ball, location: 2F 1-2: Foul Ball, location: 2F 1-2: Ground out 5-3 (Groundball, 5L) | Bottom of the 9th over - 0 runs, 0 hits, 0 errors, 0 left on base; Kenosha 7 - Beaverton 4 | |